[Event "*** Titled Tuesday Blitz"]
[Site "Chess.com"]
[Date "2020.11.03"]
[Round "11"]
[White "Das_Virus_2020"]
[Black "Fins0905"]
[Result "0-1"]
[WhiteElo "2417"]
[BlackElo "2599"]
[TimeControl "180+1"]
[EndTime "12:10:16 PST"]
[Termination "Fins0905 won by resignation"]

1. e4 d5 2. exd5 Qxd5 3. Nc3 Qa5 4. Nf3 Nf6 5. d4 Bf5 6. Bc4 e6 7. Bd2 Bb4 8. a3 Bxc3 9. Bxc3 Qb6 10. Qe2 O-O 11.
O-O Nc6 12. Rfd1 Rad8 13. b4 Be4 14. Rd2 Bxf3 15. Qxf3 Nxd4 16. Qf4 Nf5 17. Rad1 Rxd2 18. Rxd2 Ne8 19. Qe5 Ned6 20. Bb3 h5 21. h3 h4 22.
Kh2 Qc6 23. Re2 Nc4 24. Bxc4 Qxc4 25. Re4 Qd5 26. Qxd5 exd5 27. Re5 d4 28. Bb2 g6 29. g4 hxg3+ 30. fxg3 Rd8 31. g4 Ne3 32. c3 Nc4 33.
Re2 d3 0-1

[Event "*** Titled Tuesday Blitz"]
[Site "Chess.com"]
[Date "2020.11.03"]
[Round "11"]
[White "Grandmaster1369"]
[Black "anon481216"]
[Result "0-1"]
[WhiteElo "2302"]
[BlackElo "2401"]
[TimeControl "180+1"]
[EndTime "12:10:16 PST"]
[Termination "anon481216 won by resignation"]

1. e4 c5 2. c3 d5 3. exd5 Qxd5 4. d4 Nf6 5. Nf3 e6 6. dxc5 Qxd1+ 7. Kxd1 Bxc5 8.
Ke1 Ne4 9. Be3 Bxe3 10. fxe3 Ke7 11. Bd3 Nc5 12. Bc2 b6 13. Ke2 Bb7 14. Nbd2 Nbd7 15.
Rhf1 Rad8 16. b4 Bxf3+ 17. gxf3 Nb7 18. a4 Rc8 19. Ra3 Ne5 20. f4 Nc4 21. Nxc4 Rxc4 22. Bd3 Rc7 23. c4 Rhc8 24. Rc3 a5 25. bxa5 Nxa5 26.
Rfc1 Rc6 27. e4 f6 28. e5 fxe5 29. fxe5 Rc5 30. Bxh7 Rxe5+ 31. Kd2 Rh5 32. Bd3 Rxh2+ 33.
Ke3 Rh3+ 34. Ke2 g5 35. c5 bxc5 36. Rxc5 Rxc5 37. Rxc5 Nb3 38. Rc7+ Kd6 39. Rg7 Nc1+ 40. Kd2 Nxd3 41. Rxg5 Nc5 42. a5 Ra3 43. Rg1 Rxa5 44. Rc1 e5 45. Rd1 Ne6 46. Ke3+ Nd4 47. Ke4 Ra2 48. Rd3 Re2+ 49. Re3 Rxe3+ 50. Kxe3 Kd5 51. Kd3 e4+ 52. Ke3 Nf5+ 53. Kf4 Nd6 54. Kg5 Kd4 55. Kf6 e3 56. Ke7 Nc4 57. Kd7 e2 58. Kc6 e1=Q 59.
Kb5 Qa5+ 60. Kc6 Qb6+ 61. Kd7 Kd5 62. Ke7 Qc7+ 63. Kf6 Qe5+ 64. Kg6 Qf4 65. Kh5 Qg3 66. Kh6 Ne5 67. Kh7 Qg6+ 0-1

[Event "*** Titled Tuesday Blitz"]
[Site "Chess.com"]
[Date "2020.11.03"]
[Round "11"]
[White "TheCairnTerrier"]
[Black "ShcufNaiRolf"]
[Result "0-1"]
[WhiteElo "2175"]
[BlackElo "2337"]
[TimeControl "180+1"]
[EndTime "12:10:17 PST"]
[Termination "ShcufNaiRolf won on time"]

1. e4 e5 2. Nf3 Nc6 3. Bc4 Nf6 4.
d3 Be7 5. O-O O-O 6. Re1 d6 7.
a4 Na5 8. Ba2 c5 9. c3 Nc6 10. d4 cxd4 11. cxd4 Bg4 12. dxe5 Nxe5 13. Nc3 Qc8 14. Bf4 Bxf3 15. gxf3 Qh3 16. Bg3 Nh5 17.
f4 Nxf4 18. Bxf4 Nf3+ 19. Kh1 Nxe1 20. Qxe1 Qf3+ 21. Kg1 Qxf4 22. Rd1 Bh4 23. Rd3 Rae8 24. Qe2 Re5 25. Kh1 Qxf2 26. Qxf2 Bxf2 27. Nd5 Bc5 28.
Rf3 a5 29. Rf4 Rfe8 30. Rg4 Kf8 31. Nc7 Rxe4 0-1

[Event "*** Titled Tuesday Blitz"]
[Site "Chess.com"]
[Date "2020.11.03"]
[Round "11"]
[White "Fortitudine"]
[Black "niki_2003"]
[Result "1-0"]
[WhiteElo "2263"]
[BlackElo "1961"]
[TimeControl "180+1"]
[EndTime "12:10:19 PST"]
[Termination "Fortitudine won by resignation"]

1. c4 Nf6 2. g3 e6 3. Bg2 d5 4. Nf3 c5 5. O-O Be7 6. cxd5 exd5 7. d4 O-O 8. a3 b6 9. dxc5 bxc5 10. Nc3 Bb7 11.
Ne5 Nbd7 12. Nxd5 Bxd5 13. Bxd5 Nxe5 14. Bxa8 Qxa8 15. Bf4 Nc4 16. Qb3 Na5 17. Qb5 Nc6 18. Rfd1 Nd4 19. Qc4 Rb8 20. Rab1 Qc6 21. Be3 Nf5 22. Bg5 h6 23. Bxf6 Bxf6 24. Qd5 Nd4 25. Qxc6 Nxc6 26. Rdc1 Bd4 27. e3 Bxb2 28. Rxc5 Ne7 29.
Rc7 Nd5 30. Rc2 Be5 31. Rxb8+ Bxb8 32. Rc8+ Kh7 33. Rxb8 Kg6 34. Rb7 a5 35. Rb5 Kf6 36. Rxd5 1-0

[Event "*** Titled Tuesday Blitz"]
[Site "Chess.com"]
[Date "2020.11.03"]
[Round "11"]
[White "NikolaGry"]
[Black "hansen"]
[Result "1-0"]
[WhiteElo "2645"]
[BlackElo "2902"]
[TimeControl "180+1"]
[EndTime "12:10:20 PST"]
[Termination "NikolaGry won on time"]

1. d4 Nf6 2. Nf3 g6 3. Bf4 Bg7 4. e3 d6 5. h3 b6 6. Be2 Bb7 7. O-O Nbd7 8. a4 a6 9. c3 c5 10. Bh2 O-O 11. Nbd2 Rc8 12. Re1 Rc7 13. Bd3 Qa8 14.
Qe2 cxd4 15. exd4 Nd5 16. Ne4 Bh6 17. Neg5 N7f6 18. Rad1 Re8 19. h4 Bg7 20. Nxf7 Nxc3 21. bxc3 Bxf3 22. gxf3 Kxf7 23. c4 Qc8 24. Kg2 e5 25. c5 bxc5 26. dxe5 Nh5 27. Bxa6 Qf5 28. Rxd6 Bxe5 29. Bc4+ Kf8 30. Bxe5 Nf4+ 31. Bxf4 Rxe2 32. Rd8+ Ke7 33. Rxe2+ Kxd8 34. Bg5+ Kc8 35. Be6+ 1-0

[Event "*** Titled Tuesday Blitz"]
[Site "Chess.com"]
[Date "2020.11.03"]
[Round "11"]
[White "orestn"]
[Black "arminmusovic"]
[Result "0-1"]
[WhiteElo "2362"]
[BlackElo "2546"]
[TimeControl "180+1"]
[EndTime "12:10:20 PST"]
[Termination "arminmusovic won by resignation"]

1. e4 c6 2. d4 d5 3. exd5 cxd5 4. c4 Nc6 5. Nc3 Nf6 6. Bg5 e6 7. Nf3 Bb4 8. Rc1 h6 9. Bxf6 gxf6 10. a3 Bxc3+ 11. Rxc3 Rg8 12. g3 Qa5 13. b4 Qd8 14. Bg2 Ne7 15. O-O Bd7 16. c5 Kf8 17. Re1 Kg7 18.
Qb1 Bb5 19. Nh4 Rc8 20. Rce3 Kh8 21. Bh3 Bd7 22. Rf3 Ng6 23. Nxg6+ Rxg6 24. Bg2 Qc7 25. Rfe3 Rcg8 26. b5 Rg4 27. Qb2 Qa5 28. Bf1 f5 29. Bh3 Re4 30. Rxe4 fxe4 31. Qc1 Rg6 32. c6 bxc6 33.
bxc6 Bxc6 34. Bf1 Kg7 35. Re3 Ba4 36. Rc3 Qb6 37. Rc5 Qb3 38. Qf4 Qd1 39. Rc1 Qxd4 40.
Rc7 Qf6 41. Qxf6+ Kxf6 42. Rxa7 Bc2 43. a4 Rg8 44. a5 Rc8 45. a6 Bd3 46. Kg2 Rc1 0-1

[Event "*** Titled Tuesday Blitz"]
[Site "Chess.com"]
[Date "2020.11.03"]
[Round "11"]
[White "Sueetin"]
[Black "petrkostenko"]
[Result "0-1"]
[WhiteElo "2325"]
[BlackElo "2462"]
[TimeControl "180+1"]
[EndTime "12:10:21 PST"]
[Termination "petrkostenko won on time"]

1. d4 e6 2. c4 b6 3. a3 g6 4. Nc3 Bg7 5. Nf3 Ne7 6. h4 h6 7. Bf4 d6 8. Qd2 Nd7 9. e3 Bb7 10. O-O-O a6 11. Kb1 e5 12. Bg3 Nf5 13. d5 O-O 14. h5 g5 15. Bh2 Ne7 16. e4 Nf6 17. Nxg5 hxg5 18. Qxg5 Nh7 19. Qd2 Kh8 20.
g4 f6 21. f4 Ng8 22. g5 fxg5 23. f5 Bc8 24. h6 Bf6 25. Be2 Bd7 26. Bg1 Be8 27. Be3 Qe7 28. Rdg1 Rb8 29. Nd1 b5 30. c5 dxc5 31. Qc1 c4 32. Nf2 c6 33. Ng4 cxd5 34.
Nxf6 Ngxf6 35. Bxg5 b4 36. a4 b3 0-1

[Event "*** Titled Tuesday Blitz"]
[Site "Chess.com"]
[Date "2020.11.03"]
[Round "11"]
[White "VladimirBugayev"]
[Black "annacramling"]
[Result "0-1"]
[WhiteElo "2262"]
[BlackElo "2006"]
[TimeControl "180+1"]
[EndTime "12:10:21 PST"]
[Termination "annacramling won by checkmate"]

1. e4 c5 2. Nc3 Nc6 3. Bb5 Nd4 4. Nf3 Nxb5 5. Nxb5 a6 6. Nc3 b5 7. O-O Bb7 8. Qe2 d6 9. d3 Nf6 10. a4 b4 11. Nb1 e6 12. b3 Be7 13. Bb2 O-O 14.
Nbd2 d5 15. Ne5 Qc7 16. f4 Rfd8 17. Rad1 c4 18. dxc4 dxe4 19. Kh1 Bc5 20. Ng4 Nxg4 21. Qxg4 f5 22. Qg3 e3 23. Be5 Qe7 24. Nf3 e2 25. Rxd8+ Rxd8 26. Re1 Rd1 27. h3 Bxf3 28. gxf3 Qd7 29. Kg2 Rxe1 30. Qxe1 Qd1 31. Qg3 Qf1+ 32. Kh2 g6 33. Qh4 Qg1# 0-1

[Event "*** Titled Tuesday Blitz"]
[Site "Chess.com"]
[Date "2020.11.03"]
[Round "11"]
[White "pedroholly22"]
[Black "Kavyev_Ruslan"]
[Result "1/2-1/2"]
[WhiteElo "2397"]
[BlackElo "2508"]
[TimeControl "180+1"]
[EndTime "12:10:23 PST"]
[Termination "Game drawn - insufficient material"]

1. e4 c5 2. Nf3 d6 3. d4 cxd4 4.
Nxd4 Nf6 5. Nc3 a6 6. Rg1 e5 7. Nb3 Be6 8. g4 d5 9. g5 Nxe4 10. Nxe4 dxe4 11. Qxd8+ Kxd8 12. Bg2 Nc6 13. Bxe4 Kc7 14.
c3 h6 15. h4 hxg5 16. hxg5 Be7 17. Be3 Rad8 18. Rd1 b6 19. Rxd8 Rxd8 20. f3 a5 21.
Bc2 Rh8 22. Kf2 g6 23. Nc1 Nb8 24. Kg2 Nd7 25. Rh1 Rxh1 26. Kxh1 Nc5 27. Kg2 Kd6 28. b3 Bd5 29. Nd3 e4 30. Nxc5 exf3+ 31. Kf2 bxc5 32.
Bd1 f6 33. c4 Be4 34. gxf6 Bxf6 35. Bxf3 Bxf3 36. Kxf3 Bd4 37. Bd2 a4 38. bxa4 Bf6 39.
a5 Kc6 40. a4 Kb7 41. Ke4 Kc6 42. a6 Kb6 43. Kd5 Bd4 44. Bg5 Kxa6 45. Be7 Kb6 46.
Bxc5+ Bxc5 47. a5+ Kxa5 48. Kxc5 g5 49. Kd4 g4 50. Ke3 g3 51. Kf3 g2 52. Kxg2 Kb4 53. Kf3 Kxc4 1/2-1/2

[Event "*** Titled Tuesday Blitz"]
[Site "Chess.com"]
[Date "2020.11.03"]
[Round "11"]
[White "Ranindu2003"]
[Black "GM_Huschenbeth"]
[Result "0-1"]
[WhiteElo "2548"]
[BlackElo "2445"]
[TimeControl "180+1"]
[EndTime "12:10:23 PST"]
[Termination "GM_Huschenbeth won by resignation"]

1. e4 c5 2. Nf3 d6 3. d4 cxd4 4.
Nxd4 Nf6 5. Nc3 a6 6. Be3 Ng4 7. Bc1 Nf6 8. f3 e6 9. Be3 b5 10. Qd2 Qc7 11. a3 Nbd7 12. O-O-O Nb6 13. Kb1 Bb7 14.
g4 d5 15. e5 Nfd7 16. f4 Nc4 17. Bxc4 dxc4 18. Rhf1 Nc5 19. f5 O-O-O 20. Qf2 Be7 21. Ndxb5 axb5 22. Nxb5 Ne4 23. Qg1 Rxd1+ 24. Rxd1 Qxe5 25.
Na7+ Kb8 26. Qf1 Nc3+ 27. bxc3 Qxe3 28. Nb5 Qc5 29. a4 Rd8 30. Re1 Bh4 31. Re2 e5 32. Kb2 Bc6 33. Na3 Kc7 34. Qa1 Rb8+ 35. Ka2 Bxa4 36. Qe1 Bxe1 0-1

[Event "*** Titled Tuesday Blitz"]
[Site "Chess.com"]
[Date "2020.11.03"]
[Round "11"]
[White "indfraeng"]
[Black "levallem"]
[Result "1-0"]
[WhiteElo "2357"]
[BlackElo "2239"]
[TimeControl "180+1"]
[EndTime "12:10:25 PST"]
[Termination "indfraeng won on time"]

1. d4 d5 2. c4 e6 3. g3 c6 4. Bg2 Nf6 5. Nf3 Nbd7 6. O-O Be7 7. Qc2 b6 8. Nbd2 Ba6 9. b3 O-O 10. Bb2 Rc8 11. e4 dxe4 12. Nxe4 Nxe4 13. Qxe4 Nf6 14.
Qc2 c5 15. Rad1 cxd4 16. Nxd4 Qc7 17. Rfe1 Rfd8 18. Qe2 Bb4 19. Rf1 Bb7 20. Nb5 Qb8 21. Be5 Qa8 22. Nc7 Bxg2 23. Nxa8 Bxf1 24. Qxf1 Rxa8 25.
Bc7 Rxd1 26. Qxd1 Rc8 27. Be5 a5 28. Bxf6 gxf6 29. Qf3 Rd8 30. Qxf6 Rd2 31. a3 Rd1+ 32. Kg2 Bxa3 33. Qf4 Rd6 34. Qg4+ Kf8 35. h4 Bc5 36. Qf4 Rd4 37. Qh6+ Kg8 38. h5 Rg4 39. Qf6 Bd4 40. Qd8+ Kg7 41. f3 1-0

[Event "*** Titled Tuesday Blitz"]
[Site "Chess.com"]
[Date "2020.11.03"]
[Round "11"]
[White "rugbyclub"]
[Black "Bastiandash"]
[Result "1-0"]
[WhiteElo "2231"]
[BlackElo "2333"]
[TimeControl "180+1"]
[EndTime "12:10:25 PST"]
[Termination "rugbyclub won by checkmate"]

1. d4 Nf6 2. Nf3 e6 3. Bf4 d5 4. Nbd2 Bd6 5. Bg3 O-O 6. e3 c5 7.
c3 Qc7 8. Bd3 Nbd7 9. Qe2 e5 10.
dxc5 Nxc5 11. Bc2 Bg4 12. Qf1 Rfe8 13. h3 Bh5 14. Bh4 Nfe4 15. g4 Bg6 16. Nb3 Nxb3 17.
Bxb3 Nxc3 18. Rc1 Bb4 19. bxc3 Bxc3+ 20. Nd2 Qa5 21. Qe2 Rac8 22. Rxc3 Rxc3 23. O-O Bd3 24. Qf3 Bxf1 25. Bxd5 Rc7 26. Nxf1 Rd7 27. e4 Qc5 28. Bg3 b5 29. Qf5 Qe7 30. Bxe5 Qxe5 31. Qxd7 b4 32.
Qxf7+ Kh8 33. Ne3 a5 34. Nc4 Qa1+ 35. Kg2 Rc8 36. Nd6 Rb8 37. Qg8+ Rxg8 38. Nf7# 1-0

[Event "*** Titled Tuesday Blitz"]
[Site "Chess.com"]
[Date "2020.11.03"]
[Round "11"]
[White "maicolbenavides"]
[Black "Mikhal867"]
[Result "1-0"]
[WhiteElo "2238"]
[BlackElo "2332"]
[TimeControl "180+1"]
[EndTime "12:10:25 PST"]
[Termination "maicolbenavides won on time"]

1. e4 g6 2. d4 Bg7 3. Nf3 d6 4. c4 Nf6 5. Nc3 O-O 6. Be2 e5 7. O-O Nc6 8. h3 a6 9. dxe5 dxe5 10. Bg5 Qe8 11. Nd5 Nxd5 12. exd5 Nd4 13. Nxd4 exd4 14.
Bd3 Qe5 15. Qd2 Qd6 16. Rfe1 Qb6 17. Be7 Re8 18. c5 Qa7 19. Qf4 b6 20. c6 b5 21. a4 bxa4 22. Rxa4 Qb6 23. b4 Rb8 24. Kh2 Bf8 25. Bc5 Rxe1 26. Bxb6 Bd6 27. Qxd6 cxd6 28.
Bc7 Ra8 29. Bxd6 Rd1 30. Be2 Rd2 31. Bf3 d3 32. b5 Rb2 33. bxa6 Rxa6 34. Rxa6 Bxa6 35.
Be5 Rc2 36. d6 d2 37. d7 1-0

[Event "*** Titled Tuesday Blitz"]
[Site "Chess.com"]
[Date "2020.11.03"]
[Round "11"]
[White "Andreikka"]
[Black "vugarrasulov"]
[Result "0-1"]
[WhiteElo "2917"]
[BlackElo "2874"]
[TimeControl "180+1"]
[EndTime "12:10:27 PST"]
[Termination "vugarrasulov won by checkmate"]

1. e4 c5 2. Nf3 d6 3. d4 cxd4 4. Nxd4 Nf6 5. Nc3 Nc6 6. Bg5 e6 7. Qd3 a6 8. Nxc6 bxc6 9. O-O-O h6 10. Bh4 Qb6 11. e5 dxe5 12. Ne4 Be7 13. Nd6+ Kf8 14. Bg3 Qc5 15. Nxc8 Rxc8 16. Qxa6 Rb8 17. Qc4 Qa5 18. a3 h5 19. f3 h4 20. Be1 Qb6 21. Bc3 Rh5 22.
Qa6 Qxa6 23. Bxa6 Nd5 24. Bd2 Bg5 25. Rhe1 Bf4 26. Bxf4 exf4 27. Re4 Rg5 28. Rd2 e5 29.
Bc4 Ne3 30. Bb3 h3 31. g4 fxg3 32. hxg3 Rxg3 33. Kb1 Rg2 34. Rd7 Nd5 35. Rh4 Kg8 36.
Rxh3 Rg5 37. a4 Rg1+ 38. Ka2 Nb4+ 39. Ka3 Ra1+ 40. Ba2 Nxc2# 0-1

[Event "*** Titled Tuesday Blitz"]
[Site "Chess.com"]
[Date "2020.11.03"]
[Round "11"]
[White "MomchilPetkov"]
[Black "Anton_Demchenko"]
[Result "1-0"]
[WhiteElo "2686"]
[BlackElo "2831"]
[TimeControl "180+1"]
[EndTime "12:10:27 PST"]
[Termination "MomchilPetkov won by checkmate"]

1. d4 Nf6 2. Bf4 g6 3. Nc3 d5 4.
e3 c6 5. Nf3 Bg7 6. h3 O-O 7.
Be2 b6 8. O-O Bb7 9. a4 a5 10.
Ne5 Nbd7 11. Bf3 Ne8 12. e4 Nxe5 13. Bxe5 Bxe5 14. dxe5 d4 15. Ne2 c5 16. c3 d3 17.
Nf4 Ba6 18. e6 Ng7 19. e5 fxe6 20. Bxa8 Rxf4 21. Bc6 c4 22. Qd2 Rf5 23. f4 Qc7 24. Be4 Rf8 25. g4 Rd8 26. Rf2 Qc5 27. h4 Ne8 28. h5 g5 29. fxg5 Qxe5 30. Raf1 Nd6 31.
Bg2 Bb7 32. Bxb7 Nxb7 33. g6 Qg3+ 34. Rg2 Qe5 35. gxh7+ Kxh7 36. g5 Nd6 37. g6+ Kg8 38.
Qh6 Nf5 39. Qh7+ Kf8 40. Qf7# 1-0

[Event "*** Titled Tuesday Blitz"]
[Site "Chess.com"]
[Date "2020.11.03"]
[Round "11"]
[White "Harry_Rakkel"]
[Black "geordie_derraugh"]
[Result "1-0"]
[WhiteElo "2622"]
[BlackElo "2427"]
[TimeControl "180+1"]
[EndTime "12:10:27 PST"]
[Termination "Harry_Rakkel won on time"]

1. d4 Nf6 2. c4 e6 3. Nc3 Bb4 4. Nf3 b6 5. Bg5 h6 6. Bh4 g5 7. Bg3 Ne4 8. Qc2 Bb7 9. e3 Bxc3+ 10. bxc3 d6 11. Bd3 f5 12. d5 Nd7 13. h4 g4 14. Nd4 Ndc5 15. Bxe4 fxe4 16. Nxe6 Nxe6 17. Qxe4 Qe7 18. Qg6+ Kd8 19. dxe6 Bxg2 20. Rh2 Bf3 21. h5 Kc8 22. Bf4 Kb7 23. Bxh6 Qe8 24. Qxe8 Raxe8 25. Bg7 Rh7 26. h6 Rxe6 27. Kd2 Kc6 28. Rb1 a6 29. a4 Kc5 30. Rh5+ Kc6 31. Rf5 Rexh6 32. Bxh6 Rxh6 33. a5 Rh2 34. axb6 Rxf2+ 35. Ke1 Re2+ 36.
Kf1 cxb6 37. Rg5 Rxe3 38. Rb3 Re4 39. Rb4 Be2+ 40. Kf2 Bxc4 41. Rg8 b5 42. Rb2 a5 43.
Rc8+ Kd5 44. Rd2+ Ke5 45. Re8+ Be6 46. Rb8 b4 47. Rb5+ Kf4 48. cxb4 axb4 49. Rb8 1-0

[Event "*** Titled Tuesday Blitz"]
[Site "Chess.com"]
[Date "2020.11.03"]
[Round "11"]
[White "ShahMatKanal"]
[Black "Flopezin"]
[Result "0-1"]
[WhiteElo "2478"]
[BlackElo "2397"]
[TimeControl "180+1"]
[EndTime "12:10:28 PST"]
[Termination "Flopezin won by checkmate"]

1. Nf3 d5 2. c4 c6 3. Qc2 Nf6 4. g3 dxc4 5. Qxc4 b5 6. Qc2 Bb7 7. Bg2 Nbd7 8. d4 e6 9. O-O c5 10. dxc5 Bxc5 11. Nc3 a6 12. Bf4 O-O 13. Rfd1 Qb6 14.
Rac1 Bxf2+ 15. Kh1 Nc5 16. Ng5 h6 17. Rd6 Qa7 18.
Nh3 b4 19. Nxf2 bxc3 20. Qxc3 Rac8 21. Qe3 Bxg2+ 22. Kxg2 Qb7+ 23. Kg1 Nd5 24. Qd4 Nxf4 25. gxf4 Nb3 26. Rxc8 Nxd4 27. Rxf8+ Kxf8 28. Rxd4 Qxb2 29. Ra4 Qc1+ 30. Kg2 Qc6+ 31. Re4 f5 32. Kf3 Kf7 33. Ke3 fxe4 34. Nxe4 Qb6+ 35. Kf3 Qb2 36. a4 Qb3+ 37. e3 Qxa4 38. Nd6+ Kg8 39. Ne4 Qc6 40. h4 h5 41.
Kf2 Qxe4 42. Ke2 a5 43. Kd2 a4 44. Kc3 a3 45. Kb3 Qxe3+ 46. Ka2 Qxf4 47. Kxa3 Qxh4 48. Kb3 Qd4 49. Kc2 h4 50. Kb3 h3 51. Kc2 h2 52.
Kb3 h1=Q 53. Ka2 Qg2+ 54. Kb3 Qf3+ 55. Kc2 Qc4+ 56. Kd2 Qa2+ 57. Ke1 Qfe2# 0-1

[Event "*** Titled Tuesday Blitz"]
[Site "Chess.com"]
[Date "2020.11.03"]
[Round "11"]
[White "DishonorOnYourCow"]
[Black "KetiGrant"]
[Result "0-1"]
[WhiteElo "2393"]
[BlackElo "2315"]
[TimeControl "180+1"]
[EndTime "12:10:28 PST"]
[Termination "KetiGrant won on time"]

1. d4 Nf6 2. c4 g6 3. Nc3 Bg7 4. e4 d6 5. f4 O-O 6. Nf3 c5 7. d5 e6 8. dxe6 Bxe6 9. Bd3 Nc6 10. f5 Bd7 11. O-O Ng4 12. Nd5 Nd4 13. Bf4 Bc6 14.
h3 Bxd5 15. exd5 Nxf3+ 16. Qxf3 Bd4+ 17. Kh1 Ne5 18. Qg3 Re8 19. fxg6 hxg6 20. Bg5 Qb6 21. Bf6 Nxd3 22. Bxd4 cxd4 23. Qxd3 Qxb2 24. Qf3 Re7 25. Rab1 Qxa2 26. Qf6 Rae8 27. Qxd4 Re2 28. Qg4 b6 29. Rbd1 R8e7 30. Rd3 R2e4 31. Qc8+ Kg7 32. Qb8 Rxc4 33. Qxd6 Rce4 34. Qf6+ Kg8 35. d6 Rd7 36. Rdf3 Re6 37. Qc3 Rexd6 38. Qc8+ Rd8 39. Qc7 R6d7 40. Qc4 Qxc4 0-1

[Event "*** Titled Tuesday Blitz"]
[Site "Chess.com"]
[Date "2020.11.03"]
[Round "11"]
[White "jaskol95"]
[Black "Bacyanide"]
[Result "0-1"]
[WhiteElo "2325"]
[BlackElo "2412"]
[TimeControl "180+1"]
[EndTime "12:10:32 PST"]
[Termination "Bacyanide won by resignation"]

1. d4 Nf6 2. Bf4 g6 3. Nc3 d5 4.
e3 Bg7 5. h4 h5 6. Nf3 c6 7.
Be2 Bf5 8. Ne5 Nbd7 9. Qd2 Nxe5 10. Bxe5 b5 11. a3 a5 12. O-O O-O 13. f3 Qd7 14.
Bd3 Rac8 15. e4 dxe4 16. fxe4 Bg4 17. Rae1 Nh7 18. Bxg7 Kxg7 19. d5 b4 20. dxc6 Qd4+ 21. Kh1 bxc3 22. bxc3 Qc5 23. Qf4 Rxc6 24. e5 Qxc3 25.
Re3 Qc5 26. Rg3 e6 27. Rxg4 hxg4 28. h5 Qe7 29. Qe4 Qh4+ 30. Kg1 Rcc8 31. Rxf7+ Rxf7 32. Qxg6+ Kf8 33. Qxe6 Rd8 34. Qh6+ Rg7 35. Qf4+ Kg8 36. e6 Qe7 37. h6 Rg5 38. Bxh7+ Kxh7 39. Qe4+ Kxh6 40.
g3 Rd6 41. Qh1+ Kg7 42. Qa8 Rxe6 0-1

[Event "*** Titled Tuesday Blitz"]
[Site "Chess.com"]
[Date "2020.11.03"]
[Round "11"]
[White "Kobalia"]
[Black "doons21"]
[Result "1/2-1/2"]
[WhiteElo "2745"]
[BlackElo "2597"]
[TimeControl "180+1"]
[EndTime "12:10:34 PST"]
[Termination "Game drawn by repetition"]

1. e4 e6 2. d4 d5 3. Nc3 Bb4 4. e5 Ne7 5. a3 Bxc3+ 6. bxc3 c5 7.
a4 Qc7 8. Nf3 b6 9. Bb5+ Bd7 10.
Bd3 Nbc6 11. O-O Na5 12. Re1 h6 13. Nh4 g5 14. Nf3 c4 15. Bf1 Nf5 16. g4 Nh4 17.
Nxh4 gxh4 18. Ba3 Qd8 19. f4 Bxa4 20. f5 Bd7 21. f6 Bc6 22. Be7 Qc8 23. Qc1 Rg8 24.
Qxh6 Rxg4+ 25. Kf2 Kd7 26. Be2 Rg6 27. Qf4 Qh8 28.
Rg1 Rag8 29. Rxg6 Rxg6 30. h3 Rg3 31. Rg1 Rxg1 32. Kxg1 Qh7 33. Bd1 Ba4 34. Qg4 Bxc2 35. Bxc2 Qxc2 36. Qg7 Qxc3 37. Qxf7 Qe1+ 38. Kg2 Qe2+ 39.
Kg1 Qe1+ 40. Kg2 Qe4+ 41. Kf1 Qf3+ 42. Ke1 Qe3+ 43. Kf1 Qf3+ 44. Kg1 Qg3+ 45. Kh1 Qxh3+ 46. Kg1 Qg3+ 47. Kh1 Qh3+ 48. Kg1 Qg3+ 49. Kh1 Qh3+ 1/2-1/2

[Event "*** Titled Tuesday Blitz"]
[Site "Chess.com"]
[Date "2020.11.03"]
[Round "11"]
[White "dpopadic"]
[Black "Godzillator"]
[Result "0-1"]
[WhiteElo "2394"]
[BlackElo "2337"]
[TimeControl "180+1"]
[EndTime "12:10:34 PST"]
[Termination "Godzillator won on time"]

1. e4 c6 2. d4 d5 3. Nd2 dxe4 4. Nxe4 Bf5 5. Ng3 Bg6 6. h4 h6 7. Nf3 e6 8. Ne5 Bh7 9. Bc4 Nf6 10. Qe2 Qc7 11. Bf4 Bb4+ 12. c3 Bd6 13. Nxf7 Bxf4 14. Qxe6+ Kf8 15. Nxh8 Bxg3 16. O-O Bd6 17.
Rae1 Na6 18. Nf7 Bh2+ 19. Kh1 Re8 20. Qxe8+ Nxe8 21. g3 Nd6 22. Nxd6 Qxd6 23. Kxh2 Nc7 24. Re5 Bg8 25. Bd3 Bf7 26. Rfe1 Nd5 27. a3 Nf6 28. Kg1 b5 29. Bf5 a5 30. R5e3 a4 31.
Re5 Bd5 32. R1e2 Kg8 33. Re1 Bf7 34. R1e3 Nd7 35. Re7 Nf6 36. Ra7 g6 0-1

[Event "*** Titled Tuesday Blitz"]
[Site "Chess.com"]
[Date "2020.11.03"]
[Round "11"]
[White "TST2014"]
[Black "olksuna"]
[Result "1-0"]
[WhiteElo "2531"]
[BlackElo "2614"]
[TimeControl "180+1"]
[EndTime "12:10:35 PST"]
[Termination "TST2014 won by resignation"]

1. d4 Nf6 2. c4 e6 3. Nf3 d5 4.
Nc3 dxc4 5. e3 a6 6. a4 c5 7. Bxc4 Nc6 8. O-O Be7 9. Qe2 O-O 10.
Rd1 Qc7 11. b3 Rd8 12. d5 exd5 13. Nxd5 Nxd5 14. Bxd5 Bf6 15. Bb2 Bxb2 16. Qxb2 Bf5 17. Ng5 Bg6 18. f4 Qe7 19. Qc3 Nd4 20. Bxf7+ Bxf7 21. exd4 cxd4 22. Rxd4 Rxd4 23. Qxd4 Bxb3 24. Qc3 Bf7 25. Re1 Qf6 26. Qc7 Bd5 27. h3 h6 28. Re5 Rd8 29. Ne4 Bxe4 30. Rxe4 Kh7 31. Qxb7 Rd4 32. Qb1 Rxe4 33. Qxe4+ Kg8 34. Kh2 Qb6 35. Qe5 a5 36. Qb5 Qc7 37. Qe8+ Kh7 38. Qe5 Kg8 39. Qxc7 1-0

[Event "*** Titled Tuesday Blitz"]
[Site "Chess.com"]
[Date "2020.11.03"]
[Round "11"]
[White "WildTricks"]
[Black "AquivaRubinstein"]
[Result "1-0"]
[WhiteElo "2430"]
[BlackElo "2531"]
[TimeControl "180+1"]
[EndTime "12:10:35 PST"]
[Termination "WildTricks won by checkmate"]

1. Nf3 Nf6 2. g3 g6 3. b3 Bg7 4. Bb2 O-O 5. Bg2 d6 6. d4 e5 7.
dxe5 Ng4 8. O-O Nc6 9. c4 Ngxe5 10. Nc3 Re8 11. Qd2 Bg4 12. Rad1 Bxf3 13. exf3 h5 14.
Nd5 Ne7 15. f4 Nxd5 16. fxe5 Ne7 17. exd6 Bxb2 18. Qxb2 cxd6 19. Bxb7 Rb8 20. Bg2 Nf5 21. Rd5 Qe7 22. Bh3 Ng7 23. Rfd1 Rb6 24. Qa3 Qe2 25.
Qxa7 Rbb8 26. R5d2 Qf3 27. Bg2 Qf5 28. Qd4 Ne6 29. Qd5 Qf6 30. h3 h4 31. Qf3 Qg5 32. Rd5 Qh6 33. Rxd6 hxg3 34. fxg3 Qg7 35. Rd7 Nc5 36.
R7d4 Ne6 37. R4d2 Nc5 38. Qf2 Ne4 39. Bxe4 Rxe4 40. Rd8+ Rxd8 41. Rxd8+ Kh7 42. Rd7 Qa1+ 43. Kg2 Kg8 44. Qxf7+ Kh8 45. Qh7# 1-0

[Event "*** Titled Tuesday Blitz"]
[Site "Chess.com"]
[Date "2020.11.03"]
[Round "11"]
[White "machupichu10"]
[Black "hungrycaterpillar4"]
[Result "1-0"]
[WhiteElo "2766"]
[BlackElo "2570"]
[TimeControl "180+1"]
[EndTime "12:10:36 PST"]
[Termination "machupichu10 won by checkmate"]

1. d3 d5 2. g3 e5 3. Bg2 h6 4. Nf3 Bd6 5. O-O Nf6 6. c4 c6 7. Nc3 Be6 8. cxd5 cxd5 9. d4 e4 10. Ne5 a6 11. Bf4 O-O 12. Rc1 b5 13. Qd2 Kh7 14. f3 exf3 15. exf3 Qb6 16. g4 Nbd7 17. Kh1 Rac8 18. Rce1 Rfe8 19. h4 b4 20. Ne2 b3 21.
Qd3+ Kg8 22. axb3 Bb4 23. Rc1 a5 24. Ng3 Nxe5 25. dxe5 Nd7 26. Nf5 Bxf5 27. gxf5 d4 28. Rxc8 Rxc8 29. Bh3 Rd8 30. e6 Nc5 31. Qc4 Qa6 32. Rd1 Qxc4 33. bxc4 d3 34. e7 Re8 35.
f6 gxf6 36. Rg1+ Kh8 37. Bxh6 Kh7 38. Bg7 d2 39. Bf5+ Kg8 40. Bxf6# 1-0

[Event "*** Titled Tuesday Blitz"]
[Site "Chess.com"]
[Date "2020.11.03"]
[Round "11"]
[White "frederiksvane"]
[Black "Crazy_girl99"]
[Result "1-0"]
[WhiteElo "2653"]
[BlackElo "2528"]
[TimeControl "180+1"]
[EndTime "12:10:36 PST"]
[Termination "frederiksvane won by resignation"]

1. e4 e5 2. Nf3 Nc6 3. Bb5 a6 4. Ba4 Nf6 5. O-O Nxe4 6. d4 b5 7. Bb3 d5 8. dxe5 Be6 9. Qe2 Be7 10. Rd1 O-O 11. c4 bxc4 12. Bxc4 Bc5 13. Be3 Bxe3 14. Qxe3 Qb8 15. Bb3 Na5 16. Nbd2 Nxb3 17. axb3 Nxd2 18. Rxd2 Qb7 19. Rc1 Rab8 20. Nd4 Qb6 21. Rdc2 Rb7 22. Rc6 Qa5 23. Qc3 Qxc3 24. bxc3 Bc8 25. Rc5 Rd8 26. b4 f6 27. e6 Kf8 28. f4 g6 29. g4 f5 30.
gxf5 gxf5 31. Re1 Rd6 32. Re5 Ke7 33. Nxf5+ Kf6 34. e7 Bd7 35. Nd4 Be8 36. Rcxd5 Rxd5 37. Rxd5 Kxe7 38. Re5+ Kf7 39. Kf2 Ba4 40. Rc5 c6 41. Nxc6 Rc7 42. Ne5+ 1-0